General information
- name: BNet
- type: Ladder 1vs1/FFA
- host: Battle.net
- saver: BEAR_AND
map: TurtleRock
- players: 2
- length: 108:46
- speed: Fast
- version: 1.27 W3XP
- replay type:

» download(375 KB)
Players
team 1 (winner)
BEAR_AND (
green | 111 APM | 12096 actions | 108:46)
8 Archmage
2 Summon Water Elemental
3 Brilliance Aura
2 Blizzard
1 Mass Teleport
7 Mountain King
3 Storm Bolt
3 Bash
1 Avatar
7 Paladin
3 Holy Light
2 Devotion Aura
2 Divine Shield
» actions
| Assign group hotkey | 65 | |
| Basic commands | 66 | |
| Build / train | 314 | |
| Enter build submenu | 93 | |
| Enter hero's abilities submenu | 25 | |
| Give item / drop item | 12 | |
| Remove unit from queue | 2 | |
| Right click | 6695 | |
| Select / deselect | 2004 | |
| Select group hotkey | 1703 | |
| Use ability | 1115 | |
12096 total
» units
| Peasant | 19 | |
| Priest | 1 | |
| Sorceress | 1 | |
| Dragonhawk Rider | 15 | |
36 total
» upgrades
| Masonry | 3 | |
| Lumber Harvesting | 3 | |
| Magic Sentry | 1 | |
| Sorceress Training | 2 | |
| Storm Hammers | 1 | |
| Animal War Training | 1 | |
| Swords | 3 | |
| Armor | 3 | |
| Priest Training | 2 | |
| Cloud | 1 | |
| Gunpowder | 3 | |
| Plating | 3 | |
| Backpack | 1 | |
| Fragmentation Shards | 1 | |
| Flare | 1 | |
| Barrage | 1 | |
| Long Rifles | 1 | |
| Control Magic | 1 | |
| Flak Cannons | 1 | |
| Flying Machine Bombs | 1 | |
| Defend | 1 | |
35 total
» buildings
| Altar of Kings | 1 | |
| Farm | 9 | |
| Arcane Vault | 2 | |
| Lumber Mill | 1 | |
| Scout Tower | 237 | |
| Arcane Tower | 12 | |
| Guard Tower | 157 | |
| Keep | 3 | |
| Arcane Sanctum | 1 | |
| Castle | 3 | |
| Gryphon Aviary | 5 | |
| Town Hall | 4 | |
| Blacksmith | 1 | |
| Barracks | 1 | |
| Workshop | 1 | |
438 total
» build order
00:12 Altar of Kings
00:22 Farm
00:51 Farm
01:03 Arcane Vault
01:10 Lumber Mill
01:30 Scout Tower
01:31 Scout Tower
02:07 Scout Tower
02:07 Arcane Tower
02:07 Arcane Tower
02:08 Arcane Tower
02:43 Guard Tower
02:43 Guard Tower
02:47 Scout Tower
02:48 Scout Tower
03:19 Guard Tower
03:32 Keep
03:33 Keep
03:33 Keep
03:54 Guard Tower
04:38 Scout Tower
04:39 Scout Tower
04:41 Farm
04:42 Farm
05:09 Guard Tower
05:10 Scout Tower
05:12 Scout Tower
05:12 Scout Tower
05:30 Guard Tower
06:26 Guard Tower
06:27 Guard Tower
06:31 Arcane Sanctum
06:54 Guard Tower
06:59 Farm
07:00 Farm
07:01 Farm
07:02 Farm
07:32 Castle
07:33 Castle
07:33 Castle
09:09 Scout Tower
09:11 Scout Tower
09:12 Scout Tower
09:13 Scout Tower
09:13 Scout Tower
09:45 Guard Tower
10:33 Guard Tower
10:38 Gryphon Aviary
11:20 Guard Tower
11:20 Guard Tower
11:42 Guard Tower
11:44 Scout Tower
11:45 Scout Tower
11:46 Scout Tower
11:47 Scout Tower
11:47 Scout Tower
11:49 Scout Tower
11:50 Scout Tower
11:52 Scout Tower
11:52 Scout Tower
12:28 Guard Tower
13:41 Guard Tower
13:42 Guard Tower
13:42 Guard Tower
14:34 Guard Tower
14:35 Guard Tower
14:35 Guard Tower
16:06 Guard Tower
16:29 Town Hall
16:46 Scout Tower
16:46 Scout Tower
16:47 Scout Tower
16:48 Scout Tower
16:49 Scout Tower
16:50 Scout Tower
16:50 Scout Tower
16:51 Scout Tower
16:51 Scout Tower
16:53 Scout Tower
16:53 Scout Tower
16:54 Scout Tower
16:55 Scout Tower
17:17 Arcane Tower
17:17 Guard Tower
17:17 Guard Tower
17:17 Guard Tower
17:51 Guard Tower
17:52 Guard Tower
18:06 Guard Tower
18:07 Scout Tower
18:07 Scout Tower
18:08 Scout Tower
18:08 Scout Tower
18:09 Guard Tower
18:10 Guard Tower
18:10 Guard Tower
18:25 Guard Tower
18:27 Guard Tower
18:27 Guard Tower
18:27 Guard Tower
18:47 Guard Tower
18:50 Guard Tower
19:16 Scout Tower
19:17 Scout Tower
19:17 Scout Tower
19:18 Scout Tower
19:18 Scout Tower
19:19 Scout Tower
19:19 Scout Tower
19:19 Scout Tower
19:20 Scout Tower
19:21 Scout Tower
19:21 Scout Tower
19:22 Scout Tower
19:26 Blacksmith
19:30 Barracks
19:33 Gryphon Aviary
19:56 Guard Tower
19:56 Guard Tower
19:56 Guard Tower
20:19 Scout Tower
20:20 Scout Tower
20:21 Scout Tower
20:21 Scout Tower
20:22 Scout Tower
20:23 Scout Tower
20:49 Guard Tower
20:53 Arcane Vault
21:05 Guard Tower
21:10 Town Hall
22:13 Guard Tower
22:15 Scout Tower
22:16 Scout Tower
22:16 Scout Tower
22:17 Scout Tower
22:18 Scout Tower
22:18 Scout Tower
22:20 Scout Tower
22:21 Scout Tower
22:44 Guard Tower
23:10 Guard Tower
23:10 Guard Tower
23:28 Guard Tower
23:29 Guard Tower
23:32 Scout Tower
23:32 Scout Tower
23:33 Scout Tower
23:34 Scout Tower
23:34 Scout Tower
23:35 Scout Tower
24:20 Guard Tower
24:22 Guard Tower
24:22 Guard Tower
24:23 Guard Tower
24:28 Scout Tower
24:29 Scout Tower
24:30 Scout Tower
24:31 Scout Tower
24:31 Scout Tower
25:10 Guard Tower
25:14 Scout Tower
25:25 Arcane Tower
25:27 Guard Tower
25:27 Guard Tower
25:27 Guard Tower
25:45 Guard Tower
25:46 Guard Tower
26:20 Scout Tower
26:21 Scout Tower
26:21 Scout Tower
26:22 Scout Tower
26:22 Scout Tower
26:23 Scout Tower
26:24 Scout Tower
26:24 Scout Tower
26:25 Scout Tower
26:26 Scout Tower
26:26 Scout Tower
26:40 Scout Tower
26:42 Scout Tower
26:43 Scout Tower
26:44 Scout Tower
26:55 Guard Tower
26:55 Guard Tower
26:55 Guard Tower
27:13 Arcane Tower
27:13 Arcane Tower
27:14 Arcane Tower
27:26 Guard Tower
27:26 Guard Tower
27:31 Guard Tower
27:32 Guard Tower
27:45 Guard Tower
27:46 Guard Tower
28:22 Guard Tower
28:26 Guard Tower
29:02 Town Hall
29:04 Guard Tower
29:08 Guard Tower
29:40 Guard Tower
29:41 Arcane Tower
29:45 Scout Tower
29:46 Scout Tower
29:47 Scout Tower
29:47 Scout Tower
29:47 Scout Tower
29:48 Scout Tower
29:48 Scout Tower
30:15 Guard Tower
30:20 Guard Tower
30:21 Guard Tower
30:21 Guard Tower
30:42 Guard Tower
31:58 Guard Tower
32:25 Guard Tower
33:31 Scout Tower
33:32 Scout Tower
33:33 Scout Tower
33:34 Scout Tower
33:35 Scout Tower
33:35 Scout Tower
34:49 Guard Tower
34:54 Guard Tower
35:45 Guard Tower
35:45 Guard Tower
35:46 Guard Tower
38:08 Guard Tower
38:12 Scout Tower
38:13 Scout Tower
38:13 Scout Tower
38:14 Scout Tower
38:14 Scout Tower
38:15 Scout Tower
39:21 Guard Tower
39:21 Guard Tower
39:30 Scout Tower
39:31 Scout Tower
39:32 Scout Tower
39:32 Scout Tower
40:30 Guard Tower
40:34 Scout Tower
40:35 Scout Tower
40:36 Scout Tower
40:37 Scout Tower
40:50 Guard Tower
40:54 Guard Tower
41:04 Gryphon Aviary
41:20 Scout Tower
41:21 Scout Tower
41:21 Scout Tower
41:22 Scout Tower
41:28 Guard Tower
41:30 Guard Tower
42:25 Guard Tower
42:26 Guard Tower
42:26 Guard Tower
42:26 Guard Tower
42:46 Arcane Tower
43:17 Arcane Tower
43:37 Scout Tower
43:38 Scout Tower
43:39 Scout Tower
43:40 Scout Tower
43:40 Scout Tower
43:41 Scout Tower
43:41 Scout Tower
43:42 Scout Tower
43:42 Scout Tower
43:43 Scout Tower
43:43 Scout Tower
43:44 Scout Tower
43:45 Scout Tower
43:47 Scout Tower
43:48 Scout Tower
43:49 Scout Tower
43:50 Scout Tower
43:50 Scout Tower
43:51 Scout Tower
43:52 Scout Tower
43:52 Scout Tower
43:53 Scout Tower
43:54 Scout Tower
43:55 Scout Tower
43:57 Scout Tower
43:58 Scout Tower
43:59 Scout Tower
43:59 Scout Tower
44:00 Scout Tower
44:00 Scout Tower
44:01 Scout Tower
44:02 Scout Tower
44:03 Scout Tower
44:04 Scout Tower
44:35 Arcane Tower
44:37 Guard Tower
44:38 Guard Tower
45:05 Guard Tower
45:06 Guard Tower
45:06 Guard Tower
45:39 Guard Tower
45:45 Town Hall
46:10 Guard Tower
46:11 Guard Tower
46:12 Guard Tower
46:26 Guard Tower
46:26 Guard Tower
46:26 Guard Tower
46:34 Scout Tower
46:35 Scout Tower
46:36 Scout Tower
46:36 Scout Tower
46:39 Scout Tower
46:40 Scout Tower
46:41 Scout Tower
46:42 Scout Tower
46:43 Scout Tower
46:44 Scout Tower
46:44 Scout Tower
46:45 Scout Tower
46:46 Scout Tower
46:46 Scout Tower
47:28 Guard Tower
47:38 Guard Tower
47:40 Scout Tower
47:41 Scout Tower
47:41 Scout Tower
47:42 Scout Tower
47:43 Scout Tower
47:44 Scout Tower
47:44 Scout Tower
47:45 Scout Tower
47:45 Scout Tower
47:46 Scout Tower
47:50 Guard Tower
48:39 Guard Tower
48:50 Guard Tower
49:15 Guard Tower
49:50 Guard Tower
50:13 Guard Tower
50:14 Scout Tower
50:33 Guard Tower
50:54 Guard Tower
50:55 Scout Tower
50:57 Scout Tower
50:57 Scout Tower
50:58 Scout Tower
52:36 Guard Tower
52:42 Gryphon Aviary
52:44 Gryphon Aviary
52:47 Guard Tower
52:54 Scout Tower
52:55 Scout Tower
52:56 Scout Tower
52:57 Scout Tower
53:26 Guard Tower
53:30 Scout Tower
53:30 Scout Tower
53:31 Scout Tower
53:31 Scout Tower
53:32 Scout Tower
53:33 Scout Tower
53:34 Scout Tower
53:34 Scout Tower
53:35 Scout Tower
53:36 Scout Tower
53:44 Guard Tower
53:58 Guard Tower
54:49 Guard Tower
55:51 Guard Tower
56:13 Guard Tower
56:36 Guard Tower
56:36 Guard Tower
56:36 Guard Tower
57:55 Guard Tower
63:31 Workshop
64:20 Scout Tower
64:21 Scout Tower
64:22 Scout Tower
64:23 Scout Tower
64:24 Scout Tower
64:24 Scout Tower
64:26 Scout Tower
64:27 Scout Tower
64:27 Scout Tower
64:28 Scout Tower
64:30 Scout Tower
64:32 Scout Tower
64:33 Scout Tower
64:33 Scout Tower
64:34 Scout Tower
64:35 Scout Tower
64:35 Scout Tower
64:36 Scout Tower
64:37 Scout Tower
64:39 Scout Tower
64:40 Scout Tower
64:40 Scout Tower
64:41 Scout Tower
64:42 Scout Tower
64:43 Scout Tower
64:43 Scout Tower
64:44 Scout Tower
64:45 Scout Tower
64:46 Scout Tower
65:10 Guard Tower
67:09 Guard Tower
68:09 Guard Tower
68:11 Guard Tower
68:11 Guard Tower
69:30 Guard Tower
70:01 Guard Tower
70:02 Guard Tower
71:16 Guard Tower
73:09 Guard Tower
73:16 Scout Tower
73:17 Scout Tower
73:18 Scout Tower
73:19 Scout Tower
73:20 Scout Tower
73:21 Scout Tower
74:04 Guard Tower
77:14 Guard Tower
79:23 Farm
» items
| Boots of Speed | 5 | |
| Staff of Teleportation | 8 | |
| Lesser Clarity Potion | 2 | |
| Potion of Healing | 1 | |
| Tome of Retraining | 2 | |
| Staff of Sanctuary | 3 | |
| Orb of Fire | 1 | |
| Periapt of Vitality | 1 | |
23 total
team 2 (loser)
locusx1 (
red | 90 APM | 9768 actions | 108:44)
4 Demon Hunter
2 Evasion
2 Mana Burn
3 Warden
1 Fan of Knives
2 Shadow Strike
2 Beastmaster
1 Summon Bear
1 Summon Quilbeast
» actions
| Assign group hotkey | 90 | |
| Basic commands | 641 | |
| Build / train | 191 | |
| ESC pressed | 27 | |
| Enter build submenu | 87 | |
| Enter hero's abilities submenu | 11 | |
| Give item / drop item | 7 | |
| Remove unit from queue | 1 | |
| Right click | 4368 | |
| Select / deselect | 1023 | |
| Select group hotkey | 2957 | |
| Use ability | 365 | |
9768 total
» units
| Wisp | 86 | |
| Archer | 16 | |
| Chimaera | 14 | |
| Hippogryph | 10 | |
126 total
» upgrades
| Strength of the Moon | 3 | |
| Nature's Blessing | 1 | |
| Moon Armor | 1 | |
| Resistant Skin | 1 | |
| Well Spring | 1 | |
| Strength of the Wild | 3 | |
| Corrosive Breath | 1 | |
| Hardened Skin | 1 | |
| Hippogryph Taming | 1 | |
| Marksmanship | 1 | |
| Improved Bows | 1 | |
| Reinforced Hides | 3 | |
| Ultravision | 1 | |
19 total
» buildings
| Altar of Elders | 4 | |
| Moon Well | 21 | |
| Ancient of War | 1 | |
| Hunter's Hall | 1 | |
| Ancient Protector | 57 | |
| Ancient of Wonders | 4 | |
| Tree of Ages | 1 | |
| Tree of Life | 5 | |
| Ancient of Lore | 1 | |
| Tree of Eternity | 1 | |
| Ancient of Wind | 2 | |
| Chimaera Roost | 12 | |
110 total
» build order
00:08 Altar of Elders
00:29 Moon Well
00:52 Ancient of War
01:35 Moon Well
03:23 Moon Well
04:18 Hunter's Hall
05:32 Ancient Protector
05:58 Ancient Protector
06:12 Ancient Protector
06:13 Ancient Protector
06:30 Ancient Protector
06:36 Moon Well
06:41 Ancient of Wonders
08:02 Tree of Ages
10:07 Tree of Life
10:17 Ancient Protector
10:22 Ancient Protector
11:07 Ancient Protector
11:32 Moon Well
11:50 Ancient of Lore
12:33 Moon Well
12:50 Moon Well
13:44 Ancient Protector
13:47 Moon Well
14:17 Ancient Protector
14:28 Tree of Eternity
14:45 Moon Well
15:23 Ancient Protector
16:01 Ancient Protector
16:05 Ancient Protector
16:08 Ancient of Wind
16:21 Ancient Protector
16:33 Ancient Protector
16:37 Ancient Protector
17:09 Ancient Protector
17:10 Ancient Protector
17:13 Ancient Protector
18:01 Ancient Protector
18:09 Ancient Protector
18:10 Ancient Protector
18:15 Ancient Protector
18:30 Ancient Protector
18:32 Ancient Protector
18:40 Ancient Protector
19:25 Tree of Life
20:01 Moon Well
20:10 Moon Well
20:16 Moon Well
20:17 Moon Well
20:42 Moon Well
21:02 Moon Well
21:03 Moon Well
21:04 Moon Well
21:15 Ancient Protector
21:18 Chimaera Roost
21:57 Ancient Protector
22:01 Ancient Protector
22:39 Chimaera Roost
22:47 Ancient Protector
22:48 Ancient Protector
23:05 Ancient Protector
24:34 Ancient Protector
24:36 Ancient Protector
24:43 Ancient Protector
24:45 Ancient Protector
24:51 Moon Well
25:33 Ancient of Wind
26:08 Moon Well
26:09 Moon Well
26:10 Moon Well
32:31 Ancient Protector
32:32 Ancient Protector
32:33 Ancient Protector
32:35 Ancient Protector
33:07 Ancient Protector
33:08 Ancient Protector
33:10 Ancient Protector
33:14 Ancient Protector
35:56 Ancient of Wonders
35:57 Ancient of Wonders
36:01 Ancient of Wonders
38:35 Tree of Life
39:33 Ancient Protector
39:35 Ancient Protector
39:36 Ancient Protector
39:37 Ancient Protector
40:59 Ancient Protector
41:00 Ancient Protector
41:02 Ancient Protector
41:06 Ancient Protector
41:08 Ancient Protector
41:27 Tree of Life
43:23 Ancient Protector
43:25 Ancient Protector
43:27 Ancient Protector
43:31 Ancient Protector
44:14 Tree of Life
46:35 Chimaera Roost
77:16 Chimaera Roost
77:23 Chimaera Roost
77:26 Chimaera Roost
77:27 Chimaera Roost
77:29 Chimaera Roost
77:32 Chimaera Roost
77:33 Chimaera Roost
80:29 Chimaera Roost
80:31 Chimaera Roost
82:58 Altar of Elders
83:00 Altar of Elders
83:06 Altar of Elders
» items
| Periapt of Vitality | 11 | |
| Potion of Lesser Invulnerability | 14 | |
| Scroll of Protection | 3 | |
| Orb of Venom | 3 | |
31 total
Chat log
(00:38 / All) BEAR_AND: hi
(19:54 / All) BEAR_AND: hi
(29:28 / All) BEAR_AND: lol @ health cookies
(30:32 / All) BEAR_AND: where are you from?
(30:41 / All) locusx1: secret
(30:44 / All) BEAR_AND: ok
(30:47 / All) BEAR_AND: i'm from toronto
(31:12 / All) locusx1: florida
(35:09 / All) BEAR_AND: cool locusx1
(35:13 / All) BEAR_AND: do you liuke war??
(41:52 / All) BEAR_AND: HEALTH COOKIE
(42:04 / All) BEAR_AND: chris tandoi says thats the best
(44:49 / All) locusx1: \go
(44:52 / All) BEAR_AND: nice!!
(45:15 / All) locusx1: need more cookies
(45:19 / All) BEAR_AND: u got it
(47:19 / All) BEAR_AND: so much cookies...
(55:03 / All) BEAR_AND: HOW R U
(56:15 / All) BEAR_AND: I ATE IT
(62:41 / All) BEAR_AND: HEHE
(63:42 / All) BEAR_AND: NOTHING BUT COOKIES
(63:49 / All) BEAR_AND: THERE U GO 1 MORE
(63:52 / All) BEAR_AND: WAIT THATS NOT A COOKIE
(69:51 / All) BEAR_AND: WHOS GONNA WIN?
(70:00 / All) locusx1: im just killing time
(70:02 / All) BEAR_AND: K
(71:41 / All) BEAR_AND: THATS SO MANY COOKIES
(73:00 / All) BEAR_AND: REPAIRING COSTS $$$$$.....
(73:50 / All) BEAR_AND: THATS A TOTAL SHITLOAD OF COOKIES
(79:42 / All) BEAR_AND: QUAINT CHILD
(79:44 / All) BEAR_AND: QUIT CHILD
(85:45 / All) BEAR_AND: BEEP
(87:04 / All) BEAR_AND: GET THAT
(87:22 / All) BEAR_AND: HUMAN TRIHERO
(87:26 / All) BEAR_AND: LIKE ITS 2008
(93:17 / All) BEAR_AND: MORE COOKIES IT SOUNDS LIKE
(95:53 / All) BEAR_AND: DAMN/.....I'VE BEEN CLICKED
(103:39 / All) locusx1: run run run
(103:42 / All) BEAR_AND: EHEHE
(103:48 / All) locusx1: ok got to go
(103:50 / All) BEAR_AND: BYE
(103:58 / All) locusx1: i would destroy you but i held the center
(104:00 / All) locusx1: so i win
(104:00 / All) BEAR_AND: LOL
(104:02 / All) BEAR_AND: SURE
(104:06 / All) locusx1: gg
(104:08 / All) BEAR_AND: CYA
(104:11 / All) locusx1: Good game
(104:12 / All) BEAR_AND: QUITNOOB
(104:17 / All) locusx1: Have fune
(104:19 / All) BEAR_AND: BYE
(104:20 / All) locusx1: blow job
(104:24 / All) locusx1: hand job
(105:10 / All) BEAR_AND: BYE
(105:43 / All) BEAR_AND: HAAH
(105:47 / All) locusx1: NOOOO
(105:48 / All) locusx1: WARDE
(106:17 / All) locusx1: they have a pause buttonr for a reason
(106:20 / All) locusx1: now i ahave to rewind\
(106:22 / All) BEAR_AND: FOR BAD PLAYERS
(107:19 / All) locusx1: i will unleash my army
(107:23 / All) BEAR_AND: I LOVE ARMYS
(107:37 / All) locusx1: mountain giants!!
(107:49 / All) BEAR_AND: THERES NOTHING LIEK IT